Cogmind - Beta 12 @@@ ROGUE MODE // 2023.03.16 @ 07:39:48 Player: 3.14 Result: Self-destructed Performance ------------- Evolutions (4) 2000 Regions Visited (11) 2200 Robots Destroyed (147) 735 Value Destroyed (3668) 3668 Prototype IDs (29) 580 Alien Tech Used (0) 0 Bonus (1782) 1782 TOTAL SCORE: 10965 Bonus ------- High Alert Combat Kills 383 Follower Combat Kills 799 Met Imprinter 300 Was Imprinted 300 Cogmind --------- Core Integrity 834/850 Matter 300/300 Energy 114/150 System Corruption 0% Temperature Cool (0) Movement Flying (25) Location -6/Lower Caves Parts ------- > --- POWER (1) -------- Micro Nuclear Core > --- PROPULSION (5) --- Improved Flight Unit Cesium-ion Thruster Xenon Bombardment Thruster Cooled VTOL Module Cooled Cesium-ion Thruster > --- UTILITY (7) ------ Structural Scanner Improved Sensor Array Improved Signal Interpreter Improved Hacking Suite Improved Hacking Suite Improved Hacking Suite Improved System Shield > --- WEAPON (2) ------- Improved Datajack Power Maul > --- INVENTORY (5) ---- Micro Nuclear Core Cesium-ion Thruster Improved Medium Armor Plating Hacking Drone Bay (1/1) Heavy Missile Launcher Peak State ------------ > --- POWER ------------ Micro Nuclear Core > --- PROPULSION ------- Improved Flight Unit Cesium-ion Thruster Xenon Bombardment Thruster Cooled VTOL Module Cooled Cesium-ion Thruster > --- UTILITY ---------- Experimental Heat Sink Improved Sensor Array Improved Signal Interpreter Improved Hacking Suite Improved Hacking Suite Improved Hacking Suite Improved System Shield > --- WEAPON ----------- Heavy Missile Launcher Power Maul > --- INVENTORY -------- Micro Nuclear Core Cesium-ion Thruster Structural Scanner Hacking Drone Bay Improved Datajack [Rating: 68] Favorites ----------- Power Ion Engine Engine Ion Engine Power Core Micro Nuclear Core Propulsion Light Treads Treads Light Treads Leg Aluminum Leg Flight Unit Cesium-ion Thruster Utility Improved Hacking Suite Device Cooling System Storage High-capacity Storage Unit Processor Transport Network Coupler Hackware Improved Hacking Suite Protection Light Armor Plating Weapon Advanced Beam Cannon Energy Gun Improved Medium Laser Energy Cannon Advanced Beam Cannon Ballistic Gun Assault Rifle Launcher Grenade Launcher Special Weapon Plasma Cutter Impact Weapon Power Maul Special Melee Weapon Improved Datajack Build | -11 -10 -9 -9 -8 -7 -7 -7 -7 -6 -6 -6 ------- Run | Jun Mat Mat Sto Mat Fac Low Low Zio Pro Fac Low Slots Evolved 8 | . . 2 . 2 2 . . . . 2 . Power . | . . . . . . . . . . . . Propulsion 3 | . . 1 . 1 . . . . . 1 . Utility 5 | . . 1 . 1 2 . . . . 1 . Weapon . | . . . . . . . . . . . . Parts Attached 155 | . 14 30 30 28 27 2 . 1 4 12 7 Power 10 | . 2 2 3 1 2 . . . . . . Engine 9 | . 2 2 3 1 1 . . . . . . Core 1 | . . . . . 1 . . . . . . Reactor . | . . . . . . . . . . . . Propulsion 47 | . 4 9 10 15 5 . . . . 4 . Treads 35 | . 2 8 10 15 . . . . . . . Leg 2 | . 2 . . . . . . . . . . Wheel . | . . . . . . . . . . . . Hover . | . . . . . . . . . . . . Flight 10 | . . 1 . . 5 . . . . 4 . Utility 51 | . 3 4 4 5 18 2 . 1 4 5 5 Device 20 | . . 2 1 1 5 2 . . 3 4 2 Storage 3 | . 2 . 1 . . . . . . . . Processor 4 | . 1 . . 1 2 . . . . . . Hackware 10 | . . . . . 10 . . . . . . Protection 14 | . . 2 2 3 1 . . 1 1 1 3 Artifact . | . . . . . . . . . . . . Weapon 47 | . 5 15 13 7 2 . . . . 3 2 Energy Gun 4 | . . 1 3 . . . . . . . . Energy Cannon 14 | . 1 4 6 3 . . . . . . . Ballistic Gun 11 | . 2 5 1 3 . . . . . . . Ballistic Cannon . | . . . . . . . . . . . . Launcher 5 | . . 2 . 1 . . . . . 1 1 Special Weapon 5 | . 2 3 . . . . . . . . . Impact Weapon 3 | . . . 1 . 1 . . . . 1 . Slashing Weapon . | . . . . . . . . . . . . Piercing Weapon . | . . . . . . . . . . . . Special Melee Weapon 5 | . . . 2 . 1 . . . . 1 1 Unidentified Prototypes 13 | . . 2 4 1 . . . . 1 3 2 Parts Lost 5 | . 1 . 2 2 . . . . . . . Power 1 | . . . 1 . . . . . . . . Propulsion 2 | . . . 1 1 . . . . . . . Utility 1 | . . . . 1 . . . . . . . Weapon 1 | . 1 . . . . . . . . . . Highest Loss Streak 2 | . 1 . 1 2 . . . . . . . To Critical Strikes . | . . . . . . . . . . . . Average Slot Usage (%) 99 | . 98 99 98 99 98 100 100 100 100 96 100 Engine 8 | . 14 11 10 9 . . . . . . . Core 1 | . . . . . 6 7 7 7 7 6 6 Treads 20 | . 12 33 31 36 . . . . . . . Leg 2 | . 15 . . . . . . . . . . Flight 8 | . . . . . 29 30 30 30 30 29 33 Device 6 | . . 1 11 11 9 7 7 7 1 12 8 Storage 8 | . 14 11 11 9 . . . . . . . Processor 6 | . 12 9 . 5 6 7 7 7 7 6 6 Hackware 7 | . . . . . 25 30 30 30 30 26 26 Protection 6 | . . 11 11 9 . . . . 5 . 4 Energy Gun 1 | . . 4 4 . . . . . . . . Energy Cannon 5 | . 2 2 14 11 . . . . . . . Ballistic Gun 7 | . 22 11 2 6 . . . . . . . Impact Weapon 1 | . . . . . 6 7 7 7 7 5 6 Special Melee Weapon 1 | . . . . . 6 7 7 7 7 6 2 Naked Turns . | . . . . . . . . . . . . Heaviest Build 67 | 12 34 40 61 67 65 11 11 17 17 18 24 Greatest Support 88 | 20 40 69 66 88 80 20 20 20 20 27 27 Greatest Overweight (x) 2 | . 1 . 2 . . . . . . . . Average Overweight (x) . | . . . . . . . . . . . . Largest Inventory Capacity 20 | . 15 15 20 20 20 5 5 5 5 5 5 Average Capacity 13 | . 14 15 19 20 5 5 5 5 5 5 5 Most Carried 20 | . 15 15 20 20 20 5 5 5 5 5 5 Average Carried 13 | . 13 14 19 19 5 5 5 4 5 4 5 Final Capacity 20 | 8 15 15 20 20 5 5 5 5 5 5 5 Final Carried 20 | 6 15 15 20 20 5 5 5 5 5 5 5 Class Distribution -------------------- 51% | Mutant 22% | Hacker-Sprinter 20% | Scavenger-Mutant 5% | Hacker-Scout Dominant Class ---------------- Mutant | -10/Materials Mutant | -9/Materials Mutant | -9/Storage Scavenger-Mutant | -8/Materials Hacker-Sprinter | -7/Factory Hacker-Sprinter | -7/Lower Caves Hacker-Sprinter | -7/Lower Caves Hacker-Sprinter | -7/Zion Hacker-Sprinter | -6/Proximity Caves Hacker-Sprinter | -6/Factory Hacker-Sprinter | -6/Lower Caves Resources | -11 -10 -9 -9 -8 -7 -7 -7 -7 -6 -6 -6 ----------- Run | Jun Mat Mat Sto Mat Fac Low Low Zio Pro Fac Low Matter Collected 2533 | 200 298 501 397 509 256 14 20 . 50 190 98 Remotely . | . . . . . . . . . . . . Salvage Created 5895 | . 473 1398 1715 1392 256 24 . . . 637 . Parts 321 | . 36 91 97 78 6 5 . . . 8 . Haulers Intercepted 17 | . 2 5 5 3 . . . . . 2 . Recyclers Shooed 9 | . 2 3 . 3 1 . . . . . . Parts Field Recycled . | . . . . . . . . . . . . Retrieved Matter . | . . . . . . . . . . . . Parts Self-Destructed 16 | . . . . . . 7 . . 5 . 4 Prevented 2 | . . . . . . 2 . . . . . Kills | -11 -10 -9 -9 -8 -7 -7 -7 -7 -6 -6 -6 ------- Run | Jun Mat Mat Sto Mat Fac Low Low Zio Pro Fac Low Combat Hostiles Destroyed 93 | . 7 30 32 22 . . . . . 2 . Guns 42 | . 7 14 16 5 . . . . . . . Cannons 34 | . . 8 16 10 . . . . . . . AOE 12 | . . 6 . 4 . . . . . 2 . Classes Destroyed 15 | . 6 4 3 1 . 1 . . . . . Worker 10 | . . . 4 4 2 . . . . . . Builder 3 | . . . 1 1 . . . . . 1 . Tunneler 2 | . 1 . . 1 . . . . . . . Hauler 17 | . 2 5 5 3 . . . . . 2 . Recycler 9 | . 1 1 . 1 3 . . . . 3 . Minesweeper 1 | . . . . . . 1 . . . . . Mechanic 1 | . . 1 . . . . . . . . . Operator 5 | . 1 2 1 1 . . . . . . . Watcher 6 | . . 1 1 3 1 . . . . . . Swarmer 20 | . 1 10 5 4 . . . . . . . Grunt 46 | . 6 12 16 10 . . . . . 2 . Brawler 3 | . . 1 . 2 . . . . . . . Duelist 1 | . . . 1 . . . . . . . . Sentry 21 | . . 7 10 4 . . . . . . . Hunter 2 | . . . . 2 . . . . . . . Best Kill Streak 9 | . 3 5 9 7 2 1 . . . 2 . Combat Bots Only 9 | . 2 5 9 5 . . . . . 2 . Max Kills in Single Turn 4 | . 1 3 2 4 1 1 . . . 1 . Gunslinging 1 | . . 1 . . . . . . . . . Exploded 4 | . . 3 . 4 . . . . . 1 . Melee . | . . . . . . . . . . . . Uniques/NPCs Destroyed . | . . . . . . . . . . . . Combat | -11 -10 -9 -9 -8 -7 -7 -7 -7 -6 -6 -6 -------- Run | Jun Mat Mat Sto Mat Fac Low Low Zio Pro Fac Low Damage Taken 4140 | . 493 1014 1140 1260 84 . . . 38 54 57 Core 575 | . 97 112 171 96 45 . . . 38 16 . Absorbed by Shields . | . . . . . . . . . . . . Regen/Repaired (Parts) 179 | . . . 85 94 . . . . . . . Core Remaining (%) 72 | 100 61 . 29 82 . . . . 88 . . Volleys Fired 338 | . 40 97 100 94 . . . . . 5 2 Largest 2 | . 2 2 2 2 . . . . . 1 1 Hottest 158 | . 80 80 158 136 . . . . . 39 39 Shots Fired 640 | . 70 178 198 187 . . . . . 5 2 Gun 333 | . 60 126 89 58 . . . . . . . Cannon 277 | . 3 37 109 128 . . . . . . . Launcher 11 | . . 3 . 1 . . . . . 5 2 Special 19 | . 7 12 . . . . . . . . . Kinetic 238 | . 60 82 38 58 . . . . . . . Thermal 391 | . 10 93 160 128 . . . . . . . Explosive 11 | . . 3 . 1 . . . . . 5 2 Electromagnetic . | . . . . . . . . . . . . Robot Hit Streak 21 | . 21 13 20 16 . . . . . . . Robot Miss Streak 4 | . 2 4 4 4 . . . . . . . Penetration Max 1 | . . . . 1 . . . . . . . Secondary Targets 6 | . . 5 1 . . . . . . . . Max Gunslinging Chain 1 | . . 1 1 . . . . . . . . Shots Hit Robots 447 | . 53 112 134 131 7 1 . . . 8 1 Core Hits 192 | . 22 56 54 46 2 1 . . . 8 3 Critical Kills 6 | . . 3 . 3 . . . . . . . Critical Parts Destroyed 4 | . . 1 1 1 . . . . . 1 . Critical Strikes 20 | . . 6 9 4 . . . . . 1 . Burn 10 | . . 2 8 . . . . . . . . Meltdown 5 | . . 2 . 3 . . . . . . . Destroy 4 | . . 2 1 1 . . . . . . . Smash 1 | . . . . . . . . . . 1 . Melee Attacks 62 | . . . 1 . 28 7 10 1 . 14 1 Impact 61 | . . . 1 . 28 7 10 1 . 14 . Slashing . | . . . . . . . . . . . . Piercing . | . . . . . . . . . . . . Sneak Attacks 14 | . . . . . 6 1 . . . 6 1 Combat Hostiles . | . . . . . . . . . . . . Follow-up Attacks . | . . . . . . . . . . . . Damage Inflicted 11068 | . 699 2136 2817 3057 674 89 . . . 1250 346 Guns 3507 | . 609 1158 1005 735 . . . . . . . Cannons 4324 | . 18 561 1769 1976 . . . . . . . Explosions 1415 | . . 267 . 295 . . . . . 507 346 Melee 1506 | . . . . . 674 89 . . . 743 . Ramming 169 | . 6 69 43 51 . . . . . . . Kinetic 2386 | . 609 687 355 735 . . . . . . . Thermal 5592 | . 84 1113 2419 1976 . . . . . . . Explosive 1415 | . . 267 . 295 . . . . . 507 346 Electromagnetic . | . . . . . . . . . . . . Impact 1506 | . . . . . 674 89 . . . 743 . Slashing . | . . . . . . . . . . . . Piercing . | . . . . . . . . . . . . Highest Corruption 5 | . . . . . . . . . . 5 . Average Corruption 2 | . . . . . . . . . . 2 . Corruption Purged 5 | . . . . . . . . . . 5 . Corruption Blocked . | . . . . . . . . . . . . Effects 2 | . . . . . . . . . . 2 . Message Errors 1 | . . . . . . . . . . 1 . Heat Flow Errors 1 | . . . . . . . . . . 1 . Overload Shots . | . . . . . . . . . . . . Overflow Damage 727 | . . 22 11 42 314 . . . . 304 34 Projectiles 41 | . . 4 11 26 . . . . . . . Explosions 79 | . . 18 . 16 . . . . . 11 34 Melee 607 | . . . . . 314 . . . . 293 . Knockbacks 7 | . 1 . . . 2 . . . . 4 . Impact 7 | . 1 . . . 2 . . . . 4 . Kinetic . | . . . . . . . . . . . . Secondary . | . . . . . . . . . . . . Self-Inflicted Damage . | . . . . . . . . . . . . Shots . | . . . . . . . . . . . . Rammed 25 | . 3 12 5 5 . . . . . . . Targets Rammed 31 | . 6 13 5 7 . . . . . . . Kicked 3 | . 3 . . . . . . . . . . Crushed 3 | . . 1 . 2 . . . . . . . Highest Temperature 271 | . 36 270 150 135 5 . . . . 271 . Average Temperature 50 | . 10 68 28 18 3 . . . . 168 . Received Heat Transfer 1623 | . 162 339 468 585 30 . . . 12 6 21 Siege Activations . | . . . . . . . . . . . . Robots Corrupted . | . . . . . . . . . . . . Combat Hostiles . | . . . . . . . . . . . . Parts Fried 9 | . . . . . 3 . . . . 6 . Impact Corruptions 16 | . . . . . 10 . . . . 6 . Robots Melted 5 | . . 2 . 3 . . . . . . . Combat Hostiles 5 | . . 2 . 3 . . . . . . . Parts Melted 22 | . . 6 9 7 . . . . . . . Heat Transferred 11248 | . 259 2553 4958 3478 . . . . . . . Parts Sabotaged . | . . . . . . . . . . . . Parts Stolen . | . . . . . . . . . . . . Parts Stripped . | . . . . . . . . . . . . Power Chain Reactions . | . . . . . . . . . . . . Missiles Intercepted . | . . . . . . . . . . . . Alert | -11 -10 -9 -9 -8 -7 -7 -7 -7 -6 -6 -6 ------- Run | Jun Mat Mat Sto Mat Fac Low Low Zio Pro Fac Low Peak Influence 786 | . 140 578 786 360 228 . . . . 423 . Initial 318 | . . 12 243 318 119 . . . . 101 . Average 270 | . 38 327 617 223 82 . . . . 232 . Maximum Alert Level 3 | . . 2 3 1 1 . . . . 2 . Low Security (%) 44 | . 100 13 . 38 99 . . . . 35 . Level 1 32 | . . 61 10 61 1 . . . . 63 . Level 2 18 | . . 24 70 . . . . . . . . Level 3 3 | . . . 19 . . . . . . . . Level 4 . | . . . . . . . . . . . . Level 5 . | . . . . . . . . . . . . High Security . | . . . . . . . . . . . . Max Security . | . . . . . . . . . . . . Squads Dispatched 20 | . 1 3 7 1 6 . . . . 2 . Investigation 7 | . . . . . 6 . . . . 1 . Extermination . | . . . . . . . . . . . . Reinforcement 9 | . 1 3 3 1 . . . . . 1 . Assault 1 | . . . 1 . . . . . . . . Garrison 3 | . . . 3 . . . . . . . . Intercept . | . . . . . . . . . . . . Searches Triggered . | . . . . . . . . . . . . Construction Impeded 2 | . . 1 . . . . . . . 1 . Haulers Reinforced . | . . . . . . . . . . . . Active Scanning Responses . | . . . . . . . . . . . . Cargo Convoy Interrupts . | . . . . . . . . . . . . Stealth | -11 -10 -9 -9 -8 -7 -7 -7 -7 -6 -6 -6 --------- Run | Jun Mat Mat Sto Mat Fac Low Low Zio Pro Fac Low Distress Signals 22 | . 3 6 4 5 1 . . . . 3 . Communications Jammed . | . . . . . . . . . . . . Distress Signals . | . . . . . . . . . . . . Times Spotted 216 | . 24 64 47 39 10 4 . . 6 15 7 Peak Tracking Total 9 | . 4 7 9 7 5 4 . . 3 4 5 Tactical Retreats 11 | . . 1 4 1 4 . . . . . 1 Traps | -11 -10 -9 -9 -8 -7 -7 -7 -7 -6 -6 -6 ------- Run | Jun Mat Mat Sto Mat Fac Low Low Zio Pro Fac Low Traps Triggered 3 | . 1 . 2 . . . . . . . . Indirectly . | . . . . . . . . . . . . Trap Hack Attempts 13 | . . . 13 . . . . . . . . Triggered . | . . . . . . . . . . . . Disarmed 2 | . . . 2 . . . . . . . . Reprogrammed . | . . . . . . . . . . . . Reused 4 | . . . . . . 4 . . . . . Traps Extracted . | . . . . . . . . . . . . Installed 9 | . . . . . . 9 . . . . . Triggered 5 | . . . . . . 4 . . . . 1 Machines | -11 -10 -9 -9 -8 -7 -7 -7 -7 -6 -6 -6 ---------- Run | Jun Mat Mat Sto Mat Fac Low Low Zio Pro Fac Low Machines Disabled 5 | . . 1 2 1 . . . . . 1 . Max in Single Turn 1 | . . 1 1 1 . . . . . . . Garrison Access 1 | . . . . . 1 . . . . . . Machines Repaired . | . . . . . . . . . . . . Machines Sabotaged . | . . . . . . . . . . . . Overloaded Fab Kills . | . . . . . . . . . . . . Hacking | -11 -10 -9 -9 -8 -7 -7 -7 -7 -6 -6 -6 --------- Run | Jun Mat Mat Sto Mat Fac Low Low Zio Pro Fac Low Machines Accessed 48 | . 8 4 9 6 19 2 . . . . . Terminals 32 | . 7 3 7 5 10 . . . . . . Fabricators 6 | . . . . . 6 . . . . . . Repair Stations 2 | . . . 1 1 . . . . . . . Recycling Units 1 | . 1 . . . . . . . . . . Scanalyzers 2 | . . 1 . . 1 . . . . . . Garrison Access 3 | . . . 1 . 2 . . . . . . Total Hacks 126 | . 15 14 22 15 56 4 . . . . . Successful 74 | . 9 7 11 7 36 4 . . . . . Failed 51 | . 5 7 11 8 20 . . . . . . Catastrophic 6 | . 2 . 2 1 1 . . . . . . Database Lockouts 1 | . 1 . . . . . . . . . . Manual 84 | . 9 10 8 8 36 . . . . 13 . Terminals 81 | . 13 10 18 13 27 . . . . . . Fabricators 21 | . . . . . 21 . . . . . . Repair Stations 4 | . . . 2 2 . . . . . . . Recycling Units 2 | . 2 . . . . . . . . . . Scanalyzers 8 | . . 4 . . 4 . . . . . . Garrison Access 6 | . . . 2 . 4 . . . . . . Terminal Hacks 32 | . 5 2 8 5 8 4 . . . . . Record 3 | . . . . . . 3 . . . . . Part Schematic 4 | . . . 2 . 2 . . . . . . Robot Schematic 1 | . . . 1 . . . . . . . . Robot Analysis 2 | . 1 1 . . . . . . . . . Prototype ID Bank 3 | . . 1 1 1 . . . . . . . Open Door 3 | . . . 2 . . 1 . . . . . Branch Access Points 1 | . . . . . 1 . . . . . . Emergency Access Points 1 | . 1 . . . . . . . . . . Terminal Index 1 | . . . . . 1 . . . . . . Fabricator Index 1 | . . . . . 1 . . . . . . Alert Level 1 | . . . . . 1 . . . . . . Unreport Threat 5 | . 1 . 1 2 1 . . . . . . Locate Traps 2 | . 1 . . . 1 . . . . . . Transport Status 1 | . . . 1 . . . . . . . . Hauler Manifests 2 | . 1 . . 1 . . . . . . . Zone Layout 1 | . . . . 1 . . . . . . . Fabricator Hacks 11 | . . . . . 11 . . . . . . Load Schematic 7 | . . . . . 7 . . . . . . Build 4 | . . . . . 4 . . . . . . Repair Station Hacks 4 | . . . 2 2 . . . . . . . Scan Component 2 | . . . 1 1 . . . . . . . Repair 2 | . . . 1 1 . . . . . . . Recycling Unit Hacks 1 | . 1 . . . . . . . . . . Retrieve Components 1 | . 1 . . . . . . . . . . Scanalyzer 8 | . . 4 . . 4 . . . . . . Insert Component 4 | . . 2 . . 2 . . . . . . Analyze 4 | . . 2 . . 2 . . . . . . Garrison Access Hacks 1 | . . . . . 1 . . . . . . Seal Access 1 | . . . . . 1 . . . . . . Unauthorized Hacks 17 | . 3 1 1 . 12 . . . . . . Terminals 8 | . 2 1 1 . 4 . . . . . . Track 1 | . . . 1 . . . . . . . . Botnet 4 | . 1 . . . 3 . . . . . . Operators 3 | . 1 1 . . 1 . . . . . . Fabricators 5 | . . . . . 5 . . . . . . Prioritize 2 | . . . . . 2 . . . . . . Recompile 3 | . . . . . 3 . . . . . . Repair Stations . | . . . . . . . . . . . . Recycling Units 1 | . 1 . . . . . . . . . . Reject 1 | . 1 . . . . . . . . . . Scanalyzers . | . . . . . . . . . . . . Garrison Access 3 | . . . . . 3 . . . . . . Broadcast 1 | . . . . . 1 . . . . . . Redirect 1 | . . . . . 1 . . . . . . Watchers 1 | . . . . . 1 . . . . . . Data Cores Recovered . | . . . . . . . . . . . . Used . | . . . . . . . . . . . . Hacking Detections 34 | . 7 4 6 3 14 . . . . . . Full Trace Events 4 | . . . 1 . 3 . . . . . . Feedback Events . | . . . . . . . . . . . . Feedback Blocked . | . . . . . . . . . . . . Robot Schematics Acquired 4 | . . . 1 . . . . 3 . . . Robots Built . | . . . . . . . . . . . . Authchips . | . . . . . . . . . . . . Time . | . . . . . . . . . . . . Total Robot Build Rating . | . . . . . . . . . . . . Part Schematics Acquired 35 | . . 2 2 . 3 . . 16 . 12 . Parts Built 4 | . . . . . 4 . . . . . . Authchips 2 | . . . . . 2 . . . . . . Time 164 | . . . . . 164 . . . . . . Total Part Build Rating 20 | . . . . . 20 . . . . . . Parts Repaired 2 | . . . 1 1 . . . . . . . Time 70 | . . . 32 38 . . . . . . . Parts Recycled . | . . . . . . . . . . . . Recycled Matter . | . . . . . . . . . . . . Retrieved Matter . | . . . . . . . . . . . . Retrieved Components 10 | . 10 . . . . . . . . . . Parts Scanalyzed 4 | . . 2 . . 2 . . . . . . Part Schematics Acquired 3 | . . 2 . . 1 . . . . . . Parts Damaged . | . . . . . . . . . . . . Bothacking | -11 -10 -9 -9 -8 -7 -7 -7 -7 -6 -6 -6 ------------ Run | Jun Mat Mat Sto Mat Fac Low Low Zio Pro Fac Low Used RIF Installer . | . . . . . . . . . . . . Robots Hacked . | . . . . . . . . . . . . Non-combat . | . . . . . . . . . . . . Combat . | . . . . . . . . . . . . Robot Hacks Applied . | . . . . . . . . . . . . Relay Couplers Released . | . . . . . . . . . . . . Fabnet Peak Effective % . | . . . . . . . . . . . . Robots Rewired 1 | . . . . . . . . . . . 1 Allies Hacked . | . . . . . . . . . . . . Hacks Repelled . | . . . . . . . . . . . . Allies | -11 -10 -9 -9 -8 -7 -7 -7 -7 -6 -6 -6 -------- Run | Jun Mat Mat Sto Mat Fac Low Low Zio Pro Fac Low Total Allies 13 | . . . . . . . . 8 . 4 1 Largest Group 8 | . . . . . . . . 8 8 5 5 Highest-Rated Group 383 | . . . . . . . . 273 273 383 383 Highest-Rated Ally 135 | . . . . . . . . 40 40 135 135 Zionite Dispatches 2 | . . . . . . . . . . 2 . Light 1 | . . . . . . . . . . 1 . Hero 1 | . . . . . . . . . . 1 . Total Orders . | . . . . . . . . . . . . Ally Attacks 98 | . . . . . . . . . 32 31 35 Total Damage 2642 | . . . . . . . . . 938 954 750 Kills 25 | . . . . . . . . . 7 11 7 Allies Corrupted . | . . . . . . . . . . . . Allies Melted . | . . . . . . . . . . . . Intel | -11 -10 -9 -9 -8 -7 -7 -7 -7 -6 -6 -6 ------- Run | Jun Mat Mat Sto Mat Fac Low Low Zio Pro Fac Low Robot Analysis Total 2 | . 1 1 . . . . . . . . . Derelict Logs Recovered 4 | . . . . . . 1 1 1 1 . . Drone Launches . | . . . . . . . . . . . . Drone Recoveries . | . . . . . . . . . . . . Zionite Intel Received 2 | . . . . . . . . . . 2 . Branch Access 1 | . . . . . . . . . . 1 . Prototype Schematics 1 | . . . . . . . . . . 1 . Exploration | -11 -10 -9 -9 -8 -7 -7 -7 -7 -6 -6 -6 ------------- Run | Jun Mat Mat Sto Mat Fac Low Low Zio Pro Fac Low Turns Passed 8546 | . 1466 1565 1423 1649 800 272 74 464 337 438 58 Spaces Moved 6796 | 1 735 717 585 761 1352 583 154 884 287 650 87 Core . | . . . . . . . . . . . . Treads 2434 | . 361 717 585 761 10 . . . . . . Legs 375 | 1 374 . . . . . . . . . . Wheels . | . . . . . . . . . . . . Hover . | . . . . . . . . . . . . Flight 3987 | . . . . . 1342 583 154 884 287 650 87 Fastest Speed 25 | 120 120 160 160 156 27 27 27 27 27 25 25 Average Speed 83 | 120 170 160 161 159 27 27 27 27 27 26 25 Slowest Speed 320 | 120 190 160 320 160 160 27 27 27 27 27 25 Overloaded Moves . | . . . . . . . . . . . . Propulsion Burnouts . | . . . . . . . . . . . . Robots Hopped . | . . . . . . . . . . . . Cave-ins Triggered . | . . . . . . . . . . . . Exploration Rate (%) 47 | 2 76 52 80 52 38 62 32 87 52 18 16 Regions Visited 11 Branch Regions 6 Pre-discovered Areas 1 | . . . . . . . . 1 . . . Known Exits Taken 6 | . . . . . 1 1 1 1 1 1 . Unknown Exits Taken 5 | 1 1 1 1 1 . . . . . . . Scrap Searched 14 | . . . . . . 1 8 4 . . 1 Spaces Dug 55 | . . . . 15 18 6 10 . . 6 . Terrain Destroyed 119 | . . 27 2 15 18 6 10 . . 19 22 Melee 40 | . . . . . 18 6 10 . . 6 . Projectile 2 | . . . 2 . . . . . . . . AOE 77 | . . 27 . 15 . . . . . 13 22 Terrain Rammed . | . . . . . . . . . . . . Walls Destroyed . | . . . . . . . . . . . . Machines Disabled . | . . . . . . . . . . . . Actions | -11 -10 -9 -9 -8 -7 -7 -7 -7 -6 -6 -6 --------- Run | Jun Mat Mat Sto Mat Fac Low Low Zio Pro Fac Low Total 8938 | . 875 953 862 1033 1722 681 165 1106 543 880 118 Wait 1348 | . 52 55 96 95 290 81 2 219 253 187 18 Move 6785 | . 734 716 584 760 1351 582 153 883 286 649 87 Hop . | . . . . . . . . . . . . Pick Up 80 | . 17 17 13 20 7 . . 1 . 5 . Fast Attach 24 | . 1 2 8 4 2 . . . . 4 3 Attach 34 | . 4 6 2 7 14 . . . . 1 . Detach . | . . . . . . . . . . . . Swap 97 | . 9 22 20 17 11 2 . 1 4 7 4 Drop 117 | . 12 25 20 29 19 . . 1 . 8 3 Fire 338 | . 40 97 100 94 . . . . . 5 2 Melee 62 | . . . 1 . 28 7 10 1 . 14 1 Ram . | . . . . . . . . . . . . Kick 3 | . 3 . . . . . . . . . . Crush 28 | . 3 13 5 7 . . . . . . . Escape Stasis . | . . . . . . . . . . . . Rewire . | . . . . . . . . . . . . Trap 22 | . . . 13 . . 9 . . . . . Miscellaneous . | . . . . . . . . . . . . Route ------- -11/Junkyard -10/Materials (discovered 2 exits: *Mat / [*Min]) -9/Materials (discovered 3 exits: *Mat x2 / *Sto) -9/Storage -8/Materials -7/Factory (discovered 4 exits: *Fac x2 / *Low x2) -7/Lower Caves -7/Lower Caves -7/Zion -6/Proximity Caves -6/Factory (discovered 4 exits: *Low x2 / Ext x2) -6/Lower Caves History --------- Turn | Location | Event 1 | -11/Junkyard | Discovered new exit (range 0) 1 | -11/Junkyard | Entered Materials 40 | -10/Materials | Central database locked down 198 | -10/Materials | Discovered new exit (range 8) 301 | -10/Materials | Build established: Mutant 413 | -10/Materials | Discovered new exit (range 10) 1467 | -10/Materials | Entered another Materials area 1467 | -9/Materials | Evolved 2 slots: Propulsion x1, Utility x1 2616 | -9/Materials | Discovered new exit (range 16) 2741 | -9/Materials | Discovered new exit (range 15) 2765 | -9/Materials | Discovered new exit (range 15) 3032 | -9/Materials | Entered Storage 3190 | -9/Storage | Garrison activated, responded to threat 3251 | -9/Storage | Destroyed 9 combat bots 3713 | -9/Storage | Repaired Imp. Treads 3758 | -9/Storage | Core integrity fell below 50% 4232 | -9/Storage | First assault squad dispatched 4428 | -9/Storage | Discovered new exit (range 9) 4455 | -9/Storage | Entered Materials 4455 | -8/Materials | Evolved 2 slots: Propulsion x1, Utility x1 4821 | -8/Materials | Discovered new exit (range 16) 4999 | -8/Materials | Build established: Scavenger-Mutant 5308 | -8/Materials | Repaired Hrd. Medium Armor Plating 6104 | -8/Materials | Entered Factory 6104 | -7/Factory | Evolved 2 slots: Utility x2 6286 | -7/Factory | Identified exit to Lower Caves 6400 | -7/Factory | Fabricated Imp. System Shield? 6601 | -7/Factory | Fabricated Imp. Hacking Suite (x1) 6626 | -7/Factory | Fabricated Imp. Hacking Suite (x1) 6679 | -7/Factory | Discovered new exit (range 6) 6680 | -7/Factory | Identified exit to Factory 6685 | -7/Factory | Discovered exit to Factory (range 3) 6740 | -7/Factory | Fabricated Imp. Hacking Suite (x1) 6904 | -7/Factory | Entered Lower Caves 6905 | -7/Lower Caves | Encountered a Warlord checkpoint 6996 | -7/Lower Caves | Build established: Hacker-Sprinter 7002 | -7/Lower Caves | Learned Research trap positions 7002 | -7/Lower Caves | Learned Extension terminal intel 7103 | -7/Lower Caves | Identified exit to Lower Caves 7176 | -7/Lower Caves | Entered another Lower Caves area 7247 | -7/Lower Caves | Learned Factory trap positions 7247 | -7/Lower Caves | Discovered new exit (range 9) 7250 | -7/Lower Caves | Identified exit to Zion 7250 | -7/Lower Caves | Entered Zion 7259 | -7/Zion | Discovered new exit (range 13) 7260 | -7/Zion | Given the Hacking Drone Bay 7327 | -7/Zion | Gained Derelict followers 7371 | -7/Zion | Received a hallucinogenic algorithm 7412 | -7/Zion | Learned location of Armory (-4) 7456 | -7/Zion | Imprinted 7458 | -7/Zion | Declared Zion's savior 7503 | -7/Zion | Identified exit to Proximity Caves 7508 | -7/Zion | Found Prototype Device 7714 | -7/Zion | Entered Proximity Caves 7714 | -6/Proximity Caves | Accompanied by 8 allies 7716 | -6/Proximity Caves | Identified Hacking Drone Bay 7832 | -6/Proximity Caves | Learned Factory garrison access intel 8008 | -6/Proximity Caves | Discovered exit to Factory (range 13) 8026 | -6/Proximity Caves | Attracted the attention of an 0b10 checkpoint 8051 | -6/Proximity Caves | Entered Factory 8051 | -6/Factory | Accompanied by 5 allies 8051 | -6/Factory | Evolved 2 slots: Propulsion x1, Utility x1 8052 | -6/Factory | Loaded intel: 123 trap records 8053 | -6/Factory | Loaded intel: 4 garrison access locations 8158 | -6/Factory | Retrieved Zion intel report: Branch Access 8158 | -6/Factory | Identified exit to Lower Caves 8158 | -6/Factory | Identified exit to Extension 8281 | -6/Factory | Retrieved Zion intel report: Prototype Schematics 8282 | -6/Factory | Zion hero teleported in (AD-0RF) 8485 | -6/Factory | Zion Light squad teleported in 8489 | -6/Factory | Entered Lower Caves 8489 | -6/Lower Caves | Accompanied by 5 allies (AD-0RF) 8492 | -6/Lower Caves | Attracted the attention of an 0b10 checkpoint 8507 | -6/Lower Caves | Attracted the attention of an 0b10 outpost 8519 | -6/Lower Caves | Found Prototype Protection 8519 | -6/Lower Caves | Identified Zio. Weapon Casing 8547 | -6/Lower Caves | Self-destructed Last Messages --------------- 08514_ Imp. Heat Sink fries itself beyond repair. 08519_ G-50 Soldier destroyed. 08519_ Dropped Imp. Medium Armor Plating. 08519_ Acquired Prototype Protection. 08519_ Identified Zio. Weapon Casing. 08521_ Dropped Zio. Weapon Casing. 08522_ Acquired Prototype Device. 08522_ Identified Exp. Heat Sink. 08523_ Imp. Medium Armor Plating fries itself beyond repair. 08523_ Dropped Exp. Heat Sink. 08524_ Acquired Imp. Medium Armor Plating. 08531_ G-50 Soldier destroyed. 08531_ Acquired 57 matter. 08531_ Acquired 21 matter. 08535_ Sneak attack on G-50 Soldier. 08535_ G-50 Soldier rewired. 08537_ Acquired 10 matter. 08546_ Searching scrap... 08546_ Found Arc Projector. 08546_ Found 32 Matter. Map ----- +----------------------------------------------------+ | ?????????????????????????????????????????????????? | | ?????????????????????????????????????????????????? | | ?????????????????????????????????????????????????? | | ?????????????????????????????????????????????????? | | ?????????????????????????????????????????????????? | | ?????????????????????????????????????????????????? | | ?????????????????????????????????????????????????? | | ?????????????????????????????????????????????????? | | ?????????????????????????????????????????????????? | | ?????????????????????????????????????????????????? | | ?????????????????????????????????????????????????? | | ???????????????????????????###????????????##??#??? | | ??????????????????????????? ##?????????### ### ??? | | ??????????????????????????? ???????### ???? | | ??????????????????????????? ??????? ???? | | ??????????????????????????? ???????? ????? | | ??????????????????????? ????????# ????? | | ????????????????????? ### r???????### #????? | | ????????????????###? ### ????????### #????? | | ???????????????### ? ##" ????????## ##???? | | ???????????????### ? #"" ????????### ###??? | | ???????????????## ? #" #???????### ##### | | ??????????####??## #" ###??????## | | ??????????######## #" #### ""? # ? | | ?????????? ### #" #####"# ##### ###??? | | ?????????????? ## @ # ### ##### ####?# | | ????????????????? # [ g## #### ##### | | ??????????????????## # "X# ## ### #### | | ??????????????????## #### ### ### | | ??????????????? ### ## | | ???????????? ##### #### | | ?????????????? # ## ### ### | | ?????????????? # ##### #### | | ?????????????? # #### ##### = ###% | | ?????????????? # #### %%!% !=* | | ?????????????? # ???## z ! = %% | | ?????????????? # ???## #####! | | ????????????????????### % ## ######## | | ????????????????????### ## ##?## | | ?????????????????????## ## ##?# | | ?????????????????????### ### ###?# | | ?????????????????????####### ######?# | | ??????????????????????##### #####??## | | ????????????????????????## ###??????## | | ????????????????????????## ####### ###???????# | | ????????????????????????############ ##???????? | | ????????????????????????#####????#### ##??????? | | ??????????????????????????????????#### ##???????# | | ???????????????????????????????????#######???????? | | ?????????????????????????????????????#####???????? | +----------------------------------------------------+ Best States ------------- Heat Dissipation 63 Energy Generation 15 Energy Capacity 280 Matter Stores 300 Matter Capacity 300 Sight Range 16 Robot Scan Range 15 Terrain Scan Density 10 Armor Coverage 300 Resistance: TH 20 Weapon Shielding 100 Evasion (%) 65 Targeting Accuracy 8 Recoil Reduction 4 Offensive Hacking 36 Defensive Hacking 12 Authchip Count 1 Item Schematics ----------------- Hacking Suite | -9/Materials | Scanalyzed Imp. Flight Unit | -9/Materials | Scanalyzed Lrg. Storage Unit | -9/Storage | Hacked Lgt. Deuterium Engine | -9/Storage | Hacked Imp. Hacking Suite | -7/Factory | Hacked Imp. System Shield | -7/Factory | Hacked Imp. Medium Armor Plating | -7/Factory | Scanalyzed Hvy. Ion Cannon | -7/Zion | Archive Focal Shield | -7/Zion | Archive Mak. Power Source | -7/Zion | Archive Thermal Shield | -7/Zion | Archive Slug Cannon | -7/Zion | Archive Lgt. Fission Core | -7/Zion | Archive Kinecellerator | -7/Zion | Archive Imp. Corruption Screen | -7/Zion | Archive Hyp. Gauss Cannon | -7/Zion | Archive Imp. Cooling System | -7/Zion | Archive Beamcaster | -7/Zion | Archive Lightning Gun | -7/Zion | Archive Fusion Compressor | -7/Zion | Archive Nuclear Pulse Thruster | -7/Zion | Archive Mak. Hammer | -7/Zion | Archive Hvy. Mass Driver | -7/Zion | Archive Prc. Shock Rifle | -6/Factory | Z-intel Cld. Aerolev Unit | -6/Factory | Z-intel Force Rifle | -6/Factory | Z-intel Imp. Airjet | -6/Factory | Z-intel Com. Ion Cannon | -6/Factory | Z-intel Imp. Cesium-ion Thruster | -6/Factory | Z-intel Cld. Particle Cannon | -6/Factory | Z-intel Cld. Deuterium Engine | -6/Factory | Z-intel Antimatter Cannon | -6/Factory | Z-intel Biomechanical Wings | -6/Factory | Z-intel Cold Fusion Reactor | -6/Factory | Z-intel F-cell Engine | -6/Factory | Z-intel Robot Schematics ------------------ G-34 Mercenary | -9/Storage | Hacked T-07 Excavator | -7/Zion | Archive B-48 Gladiator | -7/Zion | Archive L-41 Fighter | -7/Zion | Archive Fabricated ------------ Imp. System Shield | x1 | -7/Factory Imp. Hacking Suite | x1 | -7/Factory | Authchip Imp. Hacking Suite | x1 | -7/Factory Imp. Hacking Suite | x1 | -7/Factory | Authchip Alien Tech Used ----------------- None Achievements -------------- None Challenges ------------ None Game ------ Seed DefenseCloakDesublimator Manual? 0 Play Time 00:58:32 Cumulative 838.4 hours Start 2023.03.16 @ 06:39:19 End 2023.03.16 @ 07:39:48 Sessions 1 Manual Loads 0 Difficulty Rogue Special Mode None Game No. 1261 Rogue 1261 Adventurer 0 Explorer 0 Win Type - Total 80 Types 47/1/13/14/4/0/0/1/0 Lore% 92 Gallery% 92 Achievement% 85 Wizard Run 0 Options --------- ASCII 1 Keyboard 0 Movement Numpad Keybinds 0 Fullscreen 0 Font 14/SmallcapsGlow Map View 76x50 Tactical HUD 1 Map Filters NONE Filters NONE Steam 1 RUN: 91a76d35-4761-4bec-97dd-24796534bc2a